 Dungeon Crawl Stone Soup version 0.23-b1-84-g6588a6b (webtiles) character file.

Game seed: 3604808188465919397

3054 Yuikono the Archer (level 9, -4/68 HPs)
             Began as a Gnoll Wanderer on Feb 7, 2019.
             Was a Believer of Nemelex Xobeh.
             Shot with an arrow by a centaur (9 damage)
             ... on level 8 of the Dungeon.
             The game lasted 00:31:26 (10734 turns).

Yuikono the Archer (Gnoll Wanderer)                Turns: 10734, Time: 00:31:27

Health: -4/68      AC:  9    Str: 15    XL:     9   Next: 87%
Magic:  0/15       EV: 12    Int: 21    God:    Nemelex Xobeh [**....]
Gold:   0          SH:  0    Dex: 16    Spells: 17/17 levels left

rFire    . . .     SeeInvis .   J - +4 dire flail
rCold    . . .     Gourm    .   (shield currently unavailable)
rNeg     . . .     Faith    .   s - +1 scale mail {rPois}
rPois    +         Spirit   +   (no helmet)
rElec    .         Reflect  .   m - scarf {Spirit}
rCorr    .         Harm     .   (no gloves)
MR       .....                  w - +0 pair of boots
Stlth    ++........             (no amulet)
HPRegen  0.21/turn              H - ring of wizardry
MPRegen  0.14/turn              (no ring)

@: brilliant, lightly drained
A: distributed training, fangs 1, strong nose
a: Draw Escape, Draw Destruction, Draw Summoning, Renounce Religion


You were on level 8 of the Dungeon.
You worshipped Nemelex Xobeh.
Nemelex Xobeh was pleased with you.
You were not hungry.

You visited 2 branches of the dungeon, and saw 9 of its levels.
You also visited: Sewer.

You collected 208 gold pieces.
You spent 208 gold pieces at shops.

Inventory:

Hand Weapons
 a - a +2 shortbow
 c - a +0 spear
 e - a +0 dagger
 v - a +2 vampiric trident
 J - a +4 dire flail (weapon)
Missiles
 b - 182 arrows
 i - 9 tomahawks (quivered)
 l - 289 stones
 n - 9 bolts
 o - 8 steel javelins
Armour
 m - a scarf of spirit shield (worn)
 s - a +1 scale mail of poison resistance (worn)
 w - a +0 pair of boots (worn)
 I - a +1 ring mail of magic resistance
Jewellery
 H - a ring of wizardry (left hand)
 L - an uncursed ring of magical power {unknown}
Scrolls
 g - 8 scrolls of identify
 q - 5 scrolls of teleportation
 u - a scroll of random uselessness {unknown}
 x - 4 scrolls of remove curse {unknown}
 y - a scroll of amnesia {unknown}
 z - 3 scrolls of immolation {unknown}
 B - 3 scrolls of enchant weapon {unknown}
 C - a scroll of magic mapping
 G - a scroll of acquirement {unknown}
Potions
 d - 2 potions of curing
 h - a potion of brilliance
 k - a potion of agility {unknown}
 p - 2 potions of degeneration {unknown}
 r - a potion of berserk rage {unknown}
 t - a potion of magic {unknown}
 A - a potion of cancellation {unknown}
 D - a potion of mutation {unknown}
 E - a potion of heal wounds {unknown}
 F - a potion of flight {unknown}
Comestibles
 f - 11 rations


   Skills:
 + Level 5.3(4.8) Fighting
 + Level 4.5(4.1) Short Blades
 + Level 4.5(4.1) Long Blades
 + Level 4.5(4.1) Axes
 + Level 4.5(4.1) Maces & Flails
 + Level 4.5(4.1) Polearms
 + Level 5.3(4.8) Staves
 + Level 4.5(4.1) Slings
 + Level 8.1(7.5) Bows
 + Level 4.5(4.1) Crossbows
 + Level 4.5(4.1) Throwing
 + Level 6.5(6.0) Armour
 + Level 4.5(4.1) Dodging
 + Level 6.3(5.7) Stealth
 + Level 5.3(4.8) Shields
 + Level 4.5(4.1) Unarmed Combat
 + Level 4.5(4.1) Spellcasting
 + Level 3.8(3.3) Conjurations
 + Level 3.8(3.3) Hexes
 + Level 3.8(3.3) Charms
 + Level 3.8(3.3) Summonings
 + Level 3.8(3.3) Necromancy
 + Level 3.8(3.3) Translocations
 + Level 3.8(3.3) Transmutations
 + Level 3.8(3.3) Fire Magic
 + Level 3.8(3.3) Ice Magic
 + Level 3.8(3.3) Air Magic
 + Level 3.8(3.3) Earth Magic
 + Level 3.8(3.3) Poison Magic
 + Level 5.0(4.5) Invocations
 + Level 4.5(4.1) Evocations


You had 17 spell levels left.
You didn't know any spells.
Your spell library was empty.

Dungeon Overview and Level Annotations

Branches:
Dungeon (8/15)             Temple (1/1) D:6
   Lair: D:8-11

Altars:
Ashenzari
Cheibriados
Dithmenos
Elyvilon
Fedhas
Gozag
Hepliaklqana
Makhleb
Nemelex Xobeh
Okawaru
Qazlal
Ru
Sif Muna
Trog
Uskayaw
Vehumet
Wu Jian
Xom
Yredelemnul
Zin
The Shining One

Shops:
D:4 *   D:7 (   D:8 *

Annotations:
D:6 1 runed translucent door, bmj180's ghost, novice MiMo
D:8 Maurice


Innate Abilities, Weirdness & Mutations

Your experience applies equally to all skills.
You have very sharp teeth.
Your uncanny sense of smell can sniff out nearby items.


Message History

Unknown command.
You draw a card...
You have drawn the Cloud.
Clouds appear around you!
The deck of cards glows slightly and disappears.
The howler monkey is engulfed in poison gas.
The howler monkey is poisoned.
The howler monkey barely misses you.
The centaur shoots an arrow.
The arrow hits you!
* * * LOW HITPOINT WARNING * * *
The howler monkey is engulfed in poison gas.
The howler monkey looks even sicker.
The howler monkey hits you but does no damage.
Unknown command.
Unknown command.
Unknown command.
Okay, then.
Okay, then.
It was a potion of brilliance.
You feel clever all of a sudden.
The centaur shoots an arrow.
The arrow hits you!
You die...
Your body glows slightly and disappears.

.∩.#...#...# .......#...#
# .≈.....#...##..
.......#.......
.......#.....
.#.....#...#########
.#.....#'####......# ###
.####'#.....#....○☼#.☼☼##
......#.....#..☼@○c○.c.☼.
......#.....#..○h☼#☼.☼§§
......#.....#..○h(# ...
......#.....#..○☼☼# .
#####.#.......##'##
###########...#######
#.........'. #.........##
#.....(...#


You could see 2 centaurs and 2 howler monkeys.

Vanquished Creatures
  Pikel (D:7)
  Prince Ribbit (D:7)
  A hungry ghost (D:7)
  A water moccasin (D:8)
  A black bear (D:6)
  2 phantoms
  2 slaves (D:7)
  2 sky beasts
  An ogre (D:8)
  A centaur (D:5)
  A bullfrog (D:6)
  A gnoll sergeant (D:7)
  A scorpion (D:5)
  An oklob sapling (D:6)
  4 wights
  2 howler monkeys
  3 hounds
  5 orc priests
  4 orc wizards
  A centaur skeleton (D:5)
  3 worker ants
  A hound skeleton (D:8)
  9 gnolls (D:7)
  7 adders
  4 shadow imps
  An ooze (D:6)
  An adder zombie (D:7)
  3 worms
  2 dart slugs (D:1)
  5 leopard geckos
  18 orcs
  A giant cockroach (D:2)
  4 goblins
  10 hobgoblins
  16 jackals
  2 quokkas
  17 bats
  5 frilled lizards
  7 kobolds
  A leopard gecko skeleton (D:5)
  A leopard gecko zombie (D:5)
  8 rats
  2 plants (D:6)
164 creatures vanquished.

Vanquished Creatures (collateral kills)
  An orc warrior (D:6)
  2 centaurs (D:6)
  A crocodile (Sewer)
  An iguana (D:6)
  An adder (D:6)
  An orc (D:6)
  A giant cockroach (D:7)
8 creatures vanquished.

Vanquished Creatures (others)
  2 slaves (D:7)
  An ogre (D:4)
3 creatures vanquished.

Grand Total: 175 creatures vanquished

Notes
Turn   | Place    | Note
-------+----------+-------------------------------------------
     0 | D:1      | Yuikono the Gnoll Wanderer began the quest for the Orb.
     0 | D:1      | Yuikono set off with the following items: a +2 shortbow, 25
                  | arrows, a +0 ring mail, a potion of curing, a +0 dagger, a
                  | ration
     0 | D:1      | Reached XP level 1. HP: 17/17 MP: 1/1
   338 | D:1      | Reached XP level 2. HP: 21/23 MP: 2/2
   786 | D:1      | Reached XP level 3. HP: 21/28 MP: 3/3
  1337 | D:2      | Reached skill level 1 in Invocations
  1671 | D:2      | Reached skill level 1 in Short Blades
  1671 | D:2      | Reached skill level 1 in Long Blades
  1671 | D:2      | Reached skill level 1 in Axes
  1671 | D:2      | Reached skill level 1 in Maces & Flails
  1671 | D:2      | Reached skill level 1 in Polearms
  1671 | D:2      | Reached skill level 1 in Slings
  1671 | D:2      | Reached skill level 1 in Crossbows
  1671 | D:2      | Reached skill level 1 in Throwing
  1671 | D:2      | Reached skill level 1 in Dodging
  1671 | D:2      | Reached skill level 1 in Unarmed Combat
  1671 | D:2      | Reached skill level 1 in Spellcasting
  1671 | D:2      | Reached skill level 1 in Evocations
  1779 | D:2      | Found a deep blue altar of Sif Muna.
  1813 | D:2      | Reached XP level 4. HP: 16/34 MP: 3/5
  2547 | D:3      | Reached skill level 1 in Conjurations
  2547 | D:3      | Reached skill level 1 in Hexes
  2547 | D:3      | Reached skill level 1 in Charms
  2547 | D:3      | Reached skill level 1 in Summonings
  2547 | D:3      | Reached skill level 1 in Necromancy
  2547 | D:3      | Reached skill level 1 in Translocations
  2547 | D:3      | Reached skill level 1 in Transmutations
  2547 | D:3      | Reached skill level 1 in Fire Magic
  2547 | D:3      | Reached skill level 1 in Ice Magic
  2547 | D:3      | Reached skill level 1 in Air Magic
  2547 | D:3      | Reached skill level 1 in Earth Magic
  2547 | D:3      | Reached skill level 1 in Poison Magic
  2738 | D:3      | Reached XP level 5. HP: 16/40 MP: 1/6
  3205 | D:3      | Found a white marble altar of Elyvilon.
  3206 | D:3      | Found a shimmering altar of Xom.
  3208 | D:3      | Found a radiant altar of Vehumet.
  3212 | D:3      | Found a blossoming altar of Fedhas.
  3212 | D:3      | Found a bloodstained altar of Trog.
  3212 | D:3      | Found a basalt altar of Yredelemnul.
  3214 | D:3      | Found a sparkling altar of Nemelex Xobeh.
  3215 | D:3      | Found a shattered altar of Ashenzari.
  3235 | D:3      | Became a worshipper of Nemelex Xobeh the Trickster
  3306 | D:3      | Received a gift from Nemelex Xobeh
  3860 | D:4      | Noticed an ogre
  3876 | D:4      | Killed an ogre
  3876 | D:4      | Reached XP level 6. HP: 23/47 MP: 4/8
  4001 | D:4      | Found a glowing drain.
  4030 | Sewer    | Entered a sewer
  4126 | Sewer    | Noticed an orange demon
  4131 | Sewer    | Reached skill level 5 in Armour
  4733 | D:4      | Found Lezyximm's Assorted Antiques.
  4738 | D:4      | Bought a runed trident for 208 gold pieces
  4872 | D:4      | Reached * piety under Nemelex Xobeh
  5011 | D:5      | Entered Level 5 of the Dungeon
  5219 | D:5      | Reached XP level 7. HP: 36/52 MP: 5/10
  5256 | D:5      | Reached skill level 7 in Bows
  5776 | D:5      | Reached skill level 5 in Stealth
  5795 | D:6      | Found a runed translucent door.
  5795 | D:6      | Noticed bmj180's ghost (novice MiMo)
  5893 | D:6      | Reached XP level 8. HP: 55/60 MP: 10/12
  5904 | D:6      | Found a shadowy altar of Dithmenos.
  6458 | D:6      | Found a staircase to the Ecumenical Temple.
  6560 | D:6      | HP: 3/60 [shot self (11)]
  6831 | D:6      | Reached ** piety under Nemelex Xobeh
  6831 | D:6      | Received a gift from Nemelex Xobeh
  7159 | Temple   | Entered the Ecumenical Temple
  8369 | D:7      | Noticed Pikel
  8395 | D:7      | Noticed Prince Ribbit
  8404 | D:7      | Killed Pikel
  8404 | D:7      | Reached XP level 9. HP: 32/66 MP: 7/14
  9132 | D:7      | Found Xiqeposi's Antique Weapon Shoppe.
  9217 | D:7      | Killed Prince Ribbit
  9500 | D:8      | Reached skill level 5 in Fighting
  9500 | D:8      | Reached skill level 5 in Staves
  9500 | D:8      | Reached skill level 5 in Shields
 10042 | D:8      | Reached skill level 8 in Bows
 10436 | D:8      | Reached skill level 5 in Invocations
 10624 | D:8      | Found Vupn's Elemental Accessories.
 10707 | D:8      | Noticed Maurice
 10734 | D:8      | Shot with an arrow by a centaur

Skill      XL: |  1  2  3  4  5  6  7  8  9 |
---------------+----------------------------+-----
Invocations    | 1 2 3 4 5 |  5.0
Short Blades   | 1 2 3 4 |  4.5
Long Blades    | 1 2 3 4 |  4.5
Axes           | 1 2 3 4 |  4.5
Maces & Flails | 1 2 3 4 |  4.5
Polearms       | 1 2 3 4 |  4.5
Slings         | 1 2 3 4 |  4.5
Crossbows      | 1 2 3 4 |  4.5
Throwing       | 1 2 3 4 |  4.5
Dodging        | 1 2 3 4 |  4.5
Unarmed Combat | 1 2 3 4 |  4.5
Spellcasting   | 1 2 3 4 |  4.5
Evocations     | 1 2 3 4 |  4.5
Conjurations   | 1 2 3 |  3.8
Hexes          | 1 2 3 |  3.8
Charms         | 1 2 3 |  3.8
Summonings     | 1 2 3 |  3.8
Necromancy     | 1 2 3 |  3.8
Translocations | 1 2 3 |  3.8
Transmutations | 1 2 3 |  3.8
Fire Magic     | 1 2 3 |  3.8
Ice Magic      | 1 2 3 |  3.8
Air Magic      | 1 2 3 |  3.8
Earth Magic    | 1 2 3 |  3.8
Poison Magic   | 1 2 3 |  3.8
Fighting       | 3 4 5 |  5.3
Staves         | 3 4 5 |  5.3
Shields        | 3 4 5 |  5.3
Armour         | 5 6 |  6.5
Bows           | 7 8 |  8.1
Stealth        | 5 6 |  6.3

Action                   |  1- 3 |  4- 6 |  7- 9 || total
-------------------------+-------+-------+-------++-------
Melee: Dagger            |   247 |   154 |       ||   401
       Bite              |    31 |    27 |    87 ||   145
       Punch             |     2 |     3 |     7 ||    12
       Spear             |       |   140 |   451 ||   591
       Trident           |       |    43 |   103 ||   146
       Dire flail        |       |       |    48 ||    48
 Fire: Shortbow          |    11 |    21 |   116 ||   148
Throw: Tomahawk          |       |     1 |     5 ||     6
 Abil: Draw Destruction  |       |     2 |    10 ||    12
       Draw Summoning    |       |     1 |     3 ||     4
       Draw Escape       |       |       |     2 ||     2
Evoke: Wand              |       |       |     9 ||     9
  Use: Potion            |     1 |       |     1 ||     2
       Scroll            |       |     5 |     1 ||     6
 Stab: Sleeping          |       |     1 |       ||     1
  Eat: Chunk             |     2 |     7 |    11 ||    20
       Ration            |       |     3 |     5 ||     8
Armor: Ring mail         |   129 |       |       ||   129
       Scale mail        |       |   218 |   227 ||   445
Dodge: Dodged            |   160 |   245 |   276 ||   681
